 Dungeon Crawl Stone Soup version 0.30-a0-141-g30f27751c5 (webtiles) character file.

Game seed: 9713830651515679177

1337 qw the Cleaver (level 8, -4/51 HPs)
             Began as a Gargoyle Fighter on Sept 25, 2022.
             Slain by a gnoll sergeant
             ... wielding a +0 spear
              (6 damage)
             ... on level 5 of the Dungeon.
             The game lasted 00:01:58 (5105 turns).

qw the Cleaver (Gargoyle Fighter)                   Turns: 5105, Time: 00:01:59

Health: -4/51      AC: 16    Str: 23    XL:     8   Next: 61%
Magic:  8/8        EV:  9    Int:  8    God:
Gold:   182        SH:  4    Dex: 11    Spells: 7/7 levels left

rFire   . . .      SeeInvis +    Y - +0 war axe
rCold   . . .      Faith    .    c - +0 buckler
rNeg    + . .      Spirit   .    b - +0 scale mail
rPois   inf        Reflect  .    (no helmet)
rElec   +          Harm     .    j - +0 cloak
rCorr   +          Rampage  .    (no gloves)
Will    .....                    i - +2 pair of boots
Stlth   ..........               (no amulet)
HPRegen 0.17/turn                k - ring "Uroghubb" {rCorr Dex+2}
MPRegen 0.11/turn                f - ring of see invisible

@: no status effects
A: sickness immunity, AC +5, negative energy resistance 1, electricity
resistance, torment resistance 1, petrification resistance
a: no special abilities


You were on level 5 of the Dungeon.
You visited 1 branch of the dungeon, and saw 5 of its levels.

You collected 182 gold pieces.


Innate Abilities, Weirdness & Mutations

You are immune to sickness and miasma.
Your stone body is resilient. (AC +5)
You are immune to poison.
You resist negative energy. (rN+)
You are resistant to electric shocks. (rElec)
You are resistant to unholy torment.
You are immune to petrification.


   Skills:
 - Level 6.1 Fighting
 + Level 8.3 Axes
 - Level 1.0 Throwing
 - Level 3.2 Armour
 - Level 1.0 Dodging
 - Level 3.2 Shields


You had 7 spell levels left.
You didn't know any spells.
Your spell library was empty.

Inventory:

Hand Weapons
 o - a +0 flail
 Y - a +0 war axe (weapon)
Missiles
 g - 10 boomerangs (quivered)
Armour
 b - a +0 scale mail (worn)
 c - a +0 buckler (worn)
 i - a +2 pair of boots (worn)
 j - a +0 cloak (worn)
Jewellery
 f - a ring of see invisible (right hand)
 k - the ring "Uroghubb" (left hand) {rCorr Dex+2}
   (You acquired it on level 2 of the Dungeon)

   [ring of resist corrosion]

   Dex:       It affects your dexterity (+2).
   rCorr:     It protects you from acid and corrosion.
 m - a ring of fire
Scrolls
 a - 6 scrolls of identify
Potions
 d - 2 potions of might
 e - a potion of haste
 l - a potion of attraction
 n - a potion of heal wounds {unknown}
 p - a potion of curing

Dungeon Overview and Level Annotations

Branches:
Dungeon (5/15)
 Temple: D:4-7

Altars:

Annotations:
D:3 1 runed translucent door, Crazy Yiuf


Message History

You hit the gnoll.
The gnoll is almost dead.
You hit the scorpion. You barely miss the bullfrog. The bullfrog hits you.
The scorpion stings you. The bullfrog completely misses you.
The gnoll closely misses you. The gnoll hits you but does no damage.
The gnoll sergeant hits you from afar with a +0 spear!
The scorpion barely misses you.
You hit the gnoll but do no damage.
The gnoll is severely wounded.
You slash the bullfrog! You slash the scorpion! The bullfrog barely misses you.
The scorpion barely misses you. The gnoll sergeant misses you.
The gnoll barely misses you.
The gnoll hits you from afar with a +0 halberd!
The bullfrog hits you but does no damage.
You slash the bullfrog!
You kill the bullfrog!
You barely miss the scorpion. You slash the gnoll!
You kill the gnoll!
The scorpion barely misses you.
The gnoll sergeant hits you but does no damage.
The gnoll hits you but does no damage. The scorpion stings you.
Your Fighting skill increases to level 6!
You barely miss the scorpion.
The scorpion is heavily wounded.
The gnoll sergeant hits you but does no damage.
The gnoll barely misses you. The scorpion barely misses you.
You slash the scorpion!
You kill the scorpion!
The gnoll sergeant hits you but does no damage.
The gnoll hits you but does no damage.
The gnoll sergeant hits you from afar with a +0 spear.
The gnoll hits you but does no damage.
The gnoll sergeant hits you with a +0 spear.
The gnoll hits you but does no damage. You block the gnoll's attack.
You see here a scorpion corpse.
You completely miss the gnoll sergeant. You hit the gnoll but do no damage.
You slash the gnoll!
The gnoll sergeant hits you with a +0 spear.
You die...

#...........#
#...........#
#...........#
#...........#
#......######
####......#
...........#
.$.......).#
.........%@#
.........ggg......
..................
..................
..................
.................
..#####........ ..
#........


You could see a gnoll sergeant and 2 gnolls.

Vanquished Creatures
  Pikel (D:4)
  An ice beast (D:5)
  An ogre (D:4)
  2 phantoms (D:4)
  Blork the orc (D:4)
  A bullfrog (D:5)
  A scorpion (D:5)
  A gnoll bouda (D:5)
  2 orc priests (D:5)
  Jessica (D:3)
  5 gnolls (D:5)
  8 adders
  A worm (D:5)
  3 dart slugs
  15 orcs
  7 endoplasms
  A giant cockroach (D:2)
  5 goblins (D:1)
  4 hobgoblins
  10 jackals
  7 kobolds
  3 quokkas
  15 ball pythons
  7 bats
  7 frilled lizards
  4 rats
114 creatures vanquished.

Vanquished Creatures (others)
  A plant (D:3)
1 creature vanquished.

Grand Total: 115 creatures vanquished

Notes
Turn   | Place    | Note
-------+----------+-------------------------------------------
     0 | D:1      | qw the Gargoyle Fighter began the quest for the Orb.
     0 | D:1      | Reached XP level 1. HP: 14/14 MP: 1/1
     0 | D:1      | 0 ||| qw: Version: 0.2-a-10-g399e6c4
     0 | D:1      | 0 ||| qw: Game counter: 244
     0 | D:1      | 0 ||| qw: Always use a shield: true
     0 | D:1      | 0 ||| qw: God list: Okawaru
     0 | D:1      | 0 ||| qw: Allow faded altars: false
     0 | D:1      | 0 ||| qw: Do Orc after D:15 true
     0 | D:1      | 0 ||| qw: Do second Lair branch before Depths: true
     0 | D:1      | 0 ||| qw: Lair rune preference: random
     0 | D:1      | 0 ||| qw: Plans: Normal, Zot:1-4, God:TSO, Crypt, Tomb,
                  | Pan, Slime:5, Hells, Abyss, Orb
     0 | D:1      | 0 ||| PLANNING D:1-11
    54 | D:1      | Reached skill level 2 in Axes
   113 | D:1      | 113 ||| Stepping ~*~*~tactically~*~*~ (stealth).
   133 | D:1      | HP: 2/14 [hobgoblin (4)]
   136 | D:1      | Reached XP level 2. HP: 4/19 MP: 2/2
   467 | D:1      | 467 ||| Stepping ~*~*~tactically~*~*~ (stealth).
   688 | D:1      | 688 ||| DROPPING +0 club.
   865 | D:1      | Reached skill level 3 in Axes
  1069 | D:1      | 1069 ||| UPGRADING to +0 cloak.
  1074 | D:1      | 1074 ||| READING 2 scrolls labelled IPPEOR TIEM.
  1075 | D:1      | 1075 ||| READING 2 scrolls labelled REOMERALOR.
  1078 | D:1      | 1078 ||| READING scroll labelled EBREKH NOZAR.
  1103 | D:2      | Reached XP level 3. HP: 23/23 MP: 3/3
  1170 | D:2      | 1170 ||| Stepping ~*~*~tactically~*~*~ (stealth).
  1173 | D:2      | 1173 ||| Stepping ~*~*~tactically~*~*~ (stealth).
  1349 | D:2      | Reached XP level 4. HP: 27/28 MP: 4/4
  1372 | D:2      | Reached skill level 4 in Axes
  1384 | D:2      | 1384 ||| FLEEEEING.
  1506 | D:2      | 1506 ||| Stepping ~*~*~tactically~*~*~ (stealth).
  1617 | D:2      | 1617 ||| Stepping ~*~*~tactically~*~*~ (stealth).
  1909 | D:2      | 1909 ||| READING scroll labelled ALIHE CIET.
  1909 | D:2      | Identified a scroll of acquirement
  1909 | D:2      | 1909 ||| ACQUIRING ring "Uroghubb" {rCorr Dex+2}
  1909 | D:2      | Acquired the ring "Uroghubb" {rCorr Dex+2}
  1911 | D:2      | 1911 ||| UPGRADING to ring "Uroghubb" {rCorr Dex+2}.
  1912 | D:2      | 1912 ||| READING scroll labelled BODUYN ASCHUMAE.
  2013 | D:2      | 2013 ||| DRINKING 3 red potions.
  2014 | D:2      | 2014 ||| READING 7 scrolls of identify.
  2014 | D:2      | 2014 ||| IDENTIFYING viscous emerald potion
  2015 | D:2      | 2015 ||| READING 6 scrolls of identify.
  2015 | D:2      | 2015 ||| IDENTIFYING lumpy cyan potion
  2016 | D:2      | 2016 ||| DROPPING 2 potions of brilliance.
  2017 | D:2      | 2017 ||| DROPPING potion of berserk rage.
  2067 | D:2      | 2067 ||| UPGRADING to ring of see invisible.
  2068 | D:2      | 2068 ||| READING scroll labelled GELLEREGUY.
  2069 | D:2      | 2069 ||| READING 5 scrolls of identify.
  2069 | D:2      | 2069 ||| IDENTIFYING murky puce potion
  2070 | D:2      | 2070 ||| DROPPING potion of flight.
  2102 | D:3      | Reached XP level 5. HP: 28/32 MP: 5/5
  2197 | D:3      | Reached skill level 1 in Dodging
  2398 | D:3      | 2398 ||| DROPPING +0 mace.
  2458 | D:3      | 2458 ||| Stepping ~*~*~tactically~*~*~ (stealth).
  2568 | D:3      | Found a runed translucent door.
  2568 | D:3      | Found the +7 sceptre of Torment {pain, torment}
  2569 | D:3      | Noticed Crazy Yiuf
  2592 | D:3      | Noticed Jessica
  2598 | D:3      | Killed Jessica
  2667 | D:3      | 2667 ||| UPGRADING to +2 pair of boots.
  2672 | D:3      | 2672 ||| READING scroll labelled NUELES VAUTU.
  2673 | D:3      | 2673 ||| DRINKING 2 smoky orange potions.
  2674 | D:3      | 2674 ||| DRINKING 2 puce potions.
  2675 | D:3      | 2675 ||| READING 5 scrolls of identify.
  2675 | D:3      | 2675 ||| IDENTIFYING fizzy brown potion
  2676 | D:3      | 2676 ||| DROPPING potion of degeneration.
  2677 | D:3      | 2677 ||| DROPPING potion of invisibility.
  2708 | D:4      | 2708 ||| Stepping ~*~*~tactically~*~*~ (stealth).
  2721 | D:4      | Reached skill level 5 in Axes
  2865 | D:4      | Noticed a phantom
  2866 | D:4      | 2866 ||| Stepping ~*~*~tactically~*~*~ (stealth).
  2867 | D:4      | 2867 ||| Stepping ~*~*~tactically~*~*~ (stealth).
  2886 | D:4      | Killed a phantom
  2887 | D:4      | Reached XP level 6. HP: 32/39 MP: 6/6
  2944 | D:4      | Noticed Blork the orc
  2946 | D:4      | 2946 ||| FLEEEEING.
  2954 | D:4      | 2954 ||| FLEEEEING.
  2955 | D:4      | 2955 ||| FLEEEEING.
  2962 | D:4      | 2962 ||| STAIRDANCE
  3061 | D:4      | 3061 ||| Stepping ~*~*~tactically~*~*~ (hiding).
  3076 | D:4      | Killed Blork the orc
  3422 | D:4      | Identified the +3 whip of Tiujeck {drain, rElec Dex-3
                  | Stlth+}
  3424 | D:4      | 3424 ||| DROPPING +3 whip of Tiujeck {drain, rElec Dex-3
                  | Stlth+}.
  3463 | D:4      | Noticed Pikel
  3464 | D:4      | 3464 ||| Stepping ~*~*~tactically~*~*~ (stealth).
  3485 | D:4      | HP: 6/39 [Pikel/+1 whip of flaming (4)]
  3486 | D:4      | 3486 ||| READING 3 scrolls of teleportation.
  3605 | D:4      | 3605 ||| Stepping ~*~*~tactically~*~*~ (stealth).
  3606 | D:4      | 3606 ||| Stepping ~*~*~tactically~*~*~ (stealth).
  3800 | D:4      | Killed Pikel
  3801 | D:4      | Reached skill level 7 in Axes
  3801 | D:4      | Reached XP level 7. HP: 18/44 MP: 7/7
  3801 | D:4      | Reached XP level 8. HP: 20/48 MP: 8/8
  4496 | D:4      | 4496 ||| READING scroll labelled KUDYN GAMN.
  4497 | D:4      | 4497 ||| READING 6 scrolls of identify.
  4497 | D:4      | 4497 ||| IDENTIFYING dark potion
  4528 | D:5      | Entered Level 5 of the Dungeon
  4564 | D:5      | Reached skill level 1 in Throwing
  4683 | D:5      | 4683 ||| Stepping ~*~*~tactically~*~*~ (stealth).
  4685 | D:5      | 4685 ||| Stepping ~*~*~tactically~*~*~ (hiding).
  4704 | D:5      | Reached skill level 8 in Axes
  4725 | D:5      | HP: 9/50 [gnoll bouda/+0 club (6)]
  4726 | D:5      | 4726 ||| READING 2 scrolls of teleportation.
  4726 | D:5      | HP: 1/50 [gnoll bouda/+0 club (9)]
  4731 | D:5      | 4731 ||| READING scroll of teleportation.
  4742 | D:5      | 4742 ||| Stepping ~*~*~tactically~*~*~ (stealth).
  5091 | D:5      | 5091 ||| Stepping ~*~*~tactically~*~*~ (hiding).
  5092 | D:5      | 5092 ||| Stepping ~*~*~tactically~*~*~ (hiding).
  5101 | D:5      | HP: 10/51 [scorpion (4)]
  5102 | D:5      | Reached skill level 6 in Fighting
  5104 | D:5      | HP: 1/51 [gnoll sergeant/+0 spear (6)]
  5105 | D:5      | Slain by a gnoll sergeant

Levels and vault maps discovered:
D:1:      dpeg_arrival_round_a, layout_loops_ring
D:2:      layout_rooms, minmay_fractal_squares_gapless_5
D:3:      layout_rooms, serial_bayou_ford_a, minmay_tree_intersection,
          uniq_jessica, uniq_crazy_yiuf_cottage
D:4:      layout_basic, uniq_pikel, uniq_blork_the_orc
D:5:      layout_gridville

Skill      XL: |  1  2  3  4  5  6  7  8 |
---------------+-------------------------+-----
Axes           | 2 3 4 5 7 8 |  8.3
Dodging        | 1 |  1.0
Fighting       | 4 6 |  6.1
Throwing       | 1 |  1.0
Armour         | |  3.2
Shields        | |  3.2

Action                   |  1- 3 |  4- 6 |  7- 9 || total
-------------------------+-------+-------+-------++-------
Melee: War axe           |   116 |   240 |    88 ||   444
Throw: Boomerang         |       |    38 |    18 ||    56
  Use: Scroll            |     3 |     9 |     4 ||    16
       Potion            |       |     3 |       ||     3
 Stab: Invisible         |       |     6 |       ||     6
Armor: Scale mail        |    68 |   158 |    53 ||   279
Dodge: Dodged            |    48 |   133 |    52 ||   233
Block: Buckler           |    24 |    43 |    29 ||    96

Table legend:
 A = Non-vault XP
 B = Vault XP
 C = Vault XP percentage of total XP
 D = Non-vault monster count
 E = Vault monster count
 F = Vault count percentage of total count
                 A         B        C        D         E       F
            +---------+---------+-------+---------+---------+-------
      Total |    1099 |     812 |  42.5 |     105 |       9 |   7.9
            +---------+---------+-------+---------+---------+-------
        D:1 |      33 |       0 |   0.0 |      21 |       0 |   0.0
        D:2 |     107 |       8 |   7.0 |      29 |       6 |  17.1
        D:3 |      64 |      37 |  36.6 |      20 |       1 |   4.8
        D:4 |     386 |     767 |  66.5 |      20 |       2 |   9.1
        D:5 |     509 |       0 |   0.0 |      15 |       0 |   0.0
            +---------+---------+-------+---------+---------+-------
